 Dungeon Crawl Stone Soup version 0.29.1-15-g9cfb28693d (webtiles) character file.

Game seed: 9327003117274432190

2235 Sanktem7 the Cleaver (level 9, -2/79 HPs)
             Began as a Minotaur Fighter on Mar 15, 2023.
             Was a Believer of Okawaru.
             Slain by a warg (8 damage)
             ... on level 8 of the Dungeon.
             The game lasted 00:09:32 (7166 turns).

Sanktem7 the Cleaver (Minotaur Fighter)             Turns: 7166, Time: 00:09:33

Health: -2/79      AC: 15    Str: 30    XL:     9   Next: 14%
Magic:  10/10      EV:  7    Int:  5    God:    Okawaru [**....]
Gold:   412        SH:  0    Dex: 10    Spells: 8/8 levels left

rFire   x . .      SeeInvis .   B - +6 hand axe of Conformity {flame, rF- Str+5, axe}
rCold   . . .      Faith    .   c - +0 buckler
rNeg    . . .      Spirit   .   I - +0 plate armour
rPois   .          Reflect  .   (helmet restricted)
rElec   .          Harm     .   (no cloak)
rCorr   .          Rampage  .   L - +0 pair of gloves
Will    .....                   E - +0 pair of boots
Stlth   ..........              (no amulet)
HPRegen 0.23/turn               (no ring)
MPRegen 0.12/turn               (no ring)

@: confused
A: horns 2, retaliatory headbutt
a: Renounce Religion, Heroism


You were on level 8 of the Dungeon.
You worshipped Okawaru.
Okawaru was pleased with you.
You visited 2 branches of the dungeon, and saw 9 of its levels.

You collected 412 gold pieces.


Innate Abilities, Weirdness & Mutations

You have a pair of horns on your head.
You reflexively headbutt those who attack you in melee.


   Skills:
 + Level 7.2 Fighting
 * Level 9.3 Axes
 + Level 7.2 Armour
 + Level 7.3 Shields
 + Level 2.8 Invocations


You had 8 spell levels left.
You didn't know any spells.
Your spell library contained the following spells:

 Spells                   Type           Power      Damage    Failure   Level
 Sandblast                Erth           0%         2d4       99%         1
 Passwall                 Tmut/Erth      0%         N/A       100%        2
 Portal Projectile        Hex/Tloc       0%         N/A       100%        3
 Stone Arrow              Conj/Erth      0%         3d7       100%        3
 Leda's Liquefaction      Hex/Erth       0%         N/A       100%        4
 Call Canine Familiar     Summ           Unusable   N/A       N/A         3

Inventory:

Hand Weapons
 a - a +0 war axe {axe}
 z - a +0 dagger of venom {short}
   (You took it off a goblin on level 3 of the Dungeon)
 B - the +6 hand axe of Conformity (weapon) {flame, rF- Str+5, axe}
   (You found it on level 3 of the Dungeon)

   It burns those it strikes, dealing additional fire damage.
   Big, fiery blades are also staple armaments of hydra-hunters.
   Str:       It affects your strength (+5).
   rF:        It makes you vulnerable to fire.
Missiles
 e - 55 stones (quivered) {throwing}
 f - 14 poisoned darts {throwing}
 H - a throwing net {=f!fthrowing}
Armour
 c - a +0 buckler (worn)
 E - a +0 pair of boots (worn)
   (You found it on level 4 of the Dungeon)
 I - a +0 plate armour (worn)
   (You found it on level 7 of the Dungeon)
 L - a +0 pair of gloves (worn)
   (You found it on level 6 of the Dungeon)
Magical Staves
 h - a staff of conjuration {!a@e2staff}
   (You found it on level 7 of the Dungeon)
 O - a staff of cold {!astaff}
   (You found it on level 7 of the Dungeon)
Wands
 x - a wand of mindburst (16)
   (You took it off a kobold on level 3 of the Dungeon)
 C - a wand of digging (9)
   (You found it on level 4 of the Dungeon)
Scrolls
 g - 3 scrolls of magic mapping {unknown}
 i - 4 scrolls of identify {unknown}
 j - 4 scrolls of teleportation {unknown}
 k - a scroll of summoning {unknown}
 l - 2 scrolls of vulnerability {unknown}
 o - a scroll of brand weapon {unknown}
 p - 2 scrolls of torment {unknown}
 u - a scroll of immolation {unknown}
 w - 8 scrolls of enchant weapon {unknown}
 y - a scroll of silence {unknown}
 A - a scroll of poison {unknown}
 D - a scroll of blinking {unknown}
 J - a scroll of fear {unknown}
 K - a scroll of amnesia {unknown}
Potions
 d - a potion of might
 m - 2 potions of heal wounds {unknown}
 n - 5 potions of attraction {unknown}
 q - 3 potions of berserk rage {unknown}
 r - 3 potions of curing {unknown}
 s - a potion of cancellation {unknown}
 t - a potion of ambrosia {unknown}
 v - 2 potions of flight {unknown}
 F - a potion of resistance {unknown}
 G - 2 potions of degeneration {unknown}

Dungeon Overview and Level Annotations

Branches:
Dungeon (8/15) Zot: 26939  Temple (1/1) D:5 Zot: 5941
   Lair: D:8-11

Altars:
Ashenzari
Dithmenos
Elyvilon
Hepliaklqana
Kikubaaqudgha
Makhleb
Okawaru
Ru
Sif Muna
Trog
Uskayaw
Vehumet
Wu Jian
Xom
Yredelemnul
The Shining One

Shops:
D:6

=( .#....<###
#...##..... #.#####
#...##.#### ##
######.# ##. #.# ..
#.# #. ####.# ..
#.#########....#
....##..h......#....#
.......@gg..)..#....##
.......g..o..........#
.[......cyo...#....###
####.......5..#....#
#########g##....#
...#.o..# .........#
.###...#### .. ..g..


You could see a warg, an orc warrior, a gnoll sergeant, a centaur, a killer bee,
3 gnolls, a shadow imp and an orc.


Message History

Your mp is fully restored (10). 😮 HP[+1] 😮 HP[+1]
An orc wizard comes into view. It is wielding a +0 dagger. 😮 HP[+1]
Found a stone staircase leading up. 2 gnolls come into view.
A gnoll is wielding a +0 spear and wearing a +2 leather armour of willpower.
The orc wizard shouts!
You hear a shout! x2; You hear a howl!
A warg comes into view.
An orc warrior comes into view.
It is wielding a +0 halberd. 2 gnolls come into view.
The warg howls!
The orc warrior shouts!
The gnoll shouts! x2
You hear an angry buzzing noise.
You hear a shout!
You hear an angry buzzing noise.
An orc comes into view. It is wielding a +0 mace.
A centaur and a killer bee come into view.
The orc shouts!
The centaur shouts!
The killer bee buzzes angrily.
A warg comes into view.
A gnoll sergeant comes into view.
It is wielding a +2 trident of distortion and wearing a +1 kite shield of protection.
An orc comes into view. It is wielding a +0 whip.
The killer bee moves out of view.
A killer bee comes into view. 😮 HP[+1]
The killer bee moves out of view.
The killer bee barely misses you. 😮 HP[+1]
The killer bee barely misses you.
The centaur wields a +0 shortbow.
The centaur shoots an arrow.
You block the arrow. You block the killer bee's attack.
You hear a shout!
The killer bee attacks as you move away!
You block the killer bee's attack. The warg bites you.
The killer bee stings you. 😮 HP[-5]
You take 5 damage, and now have 50/79 hp.
You miss the killer bee. You hit the warg. You burn the warg.
You hear the slow hiss of an avalanche of sand nearby.
You block the warg's attack. The killer bee stings you.
The warg closely misses you.
You block the killer bee's attack. 😮 HP[-1]
You take 1 damage, and now have 49/79 hp.
You slash the killer bee! You burn the killer bee.
You kill the killer bee!
Okawaru accepts your kill.
You hit the gnoll. You burn the gnoll. You slash the warg! You burn the warg.
The warg barely misses you. You furiously retaliate!
You headbutt the warg.
The orc wizard gestures wildly while chanting.
The orc wizard flickers and vanishes!
Deactivating autopickup; reactivate with Ctrl-A.
You block the gnoll's attack. The gnoll hits you with a +0 flail!
The warg bites you!
* * * LOW HITPOINT WARNING * * *
😨 HP[-22]
You take 22 damage, and now have 27/79 hp.
MASSIVE DAMAGE!! (PAUSE)
The gnoll barely misses you. You furiously retaliate!
You headbutt the gnoll!
You kill the gnoll!
Okawaru accepts your kill. The gnoll hits you but does no damage.
The warg bites you but does no damage.
The centaur shoots an arrow.
The arrow hits you but does no damage.
A shadow imp comes into view.
The gnoll hits you but does no damage.
The centaur shoots an arrow.
The arrow closely misses you. You block the warg's attack.
The killer bee buzzes angrily.
You hear a shout!
You hear an angry buzzing noise.
The centaur shoots an arrow.
The arrow barely misses you. The warg attacks as you move away!
The warg bites you!
* * * LOW HITPOINT WARNING * * *
The centaur shoots an arrow.
The arrow hits you but does no damage.
You hear some strange, mumbled words.
You are confused.
The centaur shoots an arrow.
The arrow hits you.
* * * LOW HITPOINT WARNING * * *
😱 HP[-8]
You take 8 damage, and now have 19/79 hp.
The centaur shoots an arrow.
The arrow hits you but does no damage.
You hear an angry buzzing noise.
There is a stone staircase leading up here.
The centaur shoots an arrow.
The arrow hits you but does no damage. The warg bites you.
* * * LOW HITPOINT WARNING * * *
The warg bites you.
* * * LOW HITPOINT WARNING * * *
In your confused state, you trip and fall back down the stairs.
* * * LOW HITPOINT WARNING * * *
The gnoll barely misses you.
A killer bee comes into view. x2
The warg bites you.
* * * LOW HITPOINT WARNING * * *
😱 HP[-7]
You take 7 damage, and now have 12/79 hp.
Unknown command.
The killer bee buzzes angrily.
Something hits you.
* * * LOW HITPOINT WARNING * * *
The gnoll hits you with a +0 club.
* * * LOW HITPOINT WARNING * * *
The gnoll barely misses you. The warg bites you!
You die...

Skill      XL: |  1  2  3  4  5  6  7  8 |
---------------+-------------------------+-----
Axes           | 3 4 5 6 7 9 |  9.3
Armour         | 4 5 6 7 |  7.2
Fighting       | 4 5 6 7 |  7.2
Shields        | 4 5 6 7 |  7.3
Invocations    | 2 |  2.8

Action                   |  1- 3 |  4- 6 |  7- 9 || total
-------------------------+-------+-------+-------++-------
Melee: War axe           |    89 |    57 |       ||   146
       Headbutt          |     5 |    13 |    12 ||    30
       Hand axe          |       |    53 |   108 ||   161
Armor: Scale mail        |    29 |    31 |    38 ||    98
       Plate armour      |       |       |    14 ||    14
Dodge: Dodged            |    42 |    47 |    26 ||   115
Block: Buckler           |    15 |    16 |    25 ||    56

Levels and vault maps discovered:
D:1:      dpeg_arrival_fog, layout_loops_ring,
          shapermc_ecumenical_altar_notcrosses, minmay_misc_feat_x
D:2:      layout_basic, minmay_small_reverse_x
D:3:      layout_loops_ring, kennysheep_generic_room_10
D:4:      layout_cave_pools, mainiacjoe_overflow_brackets, serial_column_ruins,
          column_ruins_grid_1, column_ruins_grid_2, column_ruins_grid_4,
          column_ruins_grid_1
D:5:      layout_loops_ring, mainiacjoe_overflow_divided_tiny,
          minmay_temple_entry_offerings
D:6:      layout_cave_pods, nicolae_uskayaw_murder_on_the_dancefloor,
          nicolae_take_the_stairs, minmay_shop_enchanted_jewellery,
          kennysheep_flooded_box, roderic_roman_lattice, uniq_eustachio
D:7:      layout_loops_ring, okawaru_ov_weapons_minmay, uniq_maggie
D:8:      layout_basic, cheibriados_altar_1, erik_lair_orcish_takeover,
          lightli_ossuary_entry_decrepit_ruins, uniq_prince_ribbit1
Temple:   nicolae_temple_ecumenical_triangle

Notes
Turn   | Place    | Note
-------+----------+-------------------------------------------
     0 | D:1      | Sanktem7 the Minotaur Fighter began the quest for the Orb.
     0 | D:1      | Reached XP level 1. HP: 19/19 MP: 0/0
     0 | D:1      | magus.rc [v1.9.6]
   270 | D:1      | Reached XP level 2. HP: 27/27 MP: 1/1
   300 | D:1      | You fall into a shaft and drop 1 floor!
   327 | D:2      | Reached skill level 3 in Axes
   348 | D:2      | You pick up a book of Geomancy and begin reading...
   348 | D:2      | You add the spells Sandblast, Passwall and Stone Arrow to
                  | your library.
   573 | D:2      | Reached skill level 4 in Armour
   580 | D:2      | Reached XP level 3. HP: 32/33 MP: 2/2
   602 | D:2      | Reached skill level 4 in Fighting
   602 | D:2      | Reached skill level 4 in Shields
  1286 | D:1      | Found a faded altar of an unknown god.
  1950 | D:3      | Reached XP level 4. HP: 35/40 MP: 3/3
  1954 | D:3      | Reached skill level 4 in Axes
  1956 | D:3      | HP: 8/40 [gnoll/+0 halberd (7)]
  2831 | D:3      | Identified the +6 hand axe of Conformity {flame, rF- Str+5}
  2927 | D:4      | Reached XP level 5. HP: 40/47 MP: 4/4
  3035 | D:4      | Found a white marble altar of Elyvilon.
  3152 | D:4      | You pick up a book of the Hunter and begin reading...
  3152 | D:4      | You add the spells Call Canine Familiar, Portal Projectile
                  | and Leda's Liquefaction to your library.
  3465 | D:5      | Entered Level 5 of the Dungeon
  3860 | D:5      | Reached skill level 5 in Axes
  3873 | D:5      | Noticed a phantom
  3878 | D:5      | Killed a phantom
  3879 | D:5      | Reached skill level 5 in Armour
  3879 | D:5      | Reached XP level 6. HP: 39/55 MP: 5/5
  4013 | D:5      | Reached skill level 5 in Fighting
  4013 | D:5      | Reached skill level 5 in Shields
  4088 | D:5      | Found a sacrificial altar of Ru.
  4089 | D:5      | Found an ancient bone altar of Kikubaaqudgha.
  4333 | D:5      | Found a staircase to the Ecumenical Temple.
  4340 | D:5      | You pick up a book of Geomancy and begin reading...
  4401 | D:5      | Reached skill level 6 in Axes
  4467 | Temple   | Entered the Ecumenical Temple
  4770 | D:6      | Found a hide-covered altar of Uskayaw.
  4856 | D:6      | Reached XP level 7. HP: 45/61 MP: 6/6
  4997 | D:6      | Found Iwkuc's Antique Weapon Shop.
  5249 | D:6      | Found Weotil's Jewellery Emporium.
  5444 | D:6      | Noticed Eustachio
  5459 | D:6      | Killed Eustachio
  5590 | D:6      | Identified the +1 robe of the Onion {rF+ Regen+ rCorr
                  | Dex-4}
  5713 | D:7      | Reached skill level 7 in Axes
  5884 | D:7      | Reached skill level 6 in Fighting
  5884 | D:7      | Reached skill level 6 in Armour
  5884 | D:7      | Reached skill level 6 in Shields
  6062 | D:7      | Reached XP level 8. HP: 52/70 MP: 7/7
  6063 | D:7      | Found an iron altar of Okawaru.
  6073 | D:7      | Became a worshipper of Warmaster Okawaru
  6213 | D:7      | HP: 10/71 [something (12)]
  6548 | D:7      | Reached skill level 1 in Invocations
  6660 | D:7      | Noticed Maggie
  6674 | D:7      | Killed Maggie
  6674 | D:7      | Reached * piety under Okawaru
  6675 | D:7      | Reached skill level 8 in Axes
  6828 | D:7      | Reached skill level 2 in Invocations
  7122 | D:8      | Reached skill level 7 in Fighting
  7122 | D:8      | Reached skill level 7 in Armour
  7122 | D:8      | Reached skill level 7 in Shields
  7126 | D:8      | Reached ** piety under Okawaru
  7127 | D:8      | Reached skill level 9 in Axes
  7127 | D:8      | Reached XP level 9. HP: 48/79 MP: 9/9
  7162 | D:8      | HP: 19/79 [warg (8)]
  7166 | D:8      | HP: 6/79 [gnoll/+0 club[a gnoll sergeant] (4)]
  7166 | D:8      | Slain by a warg

Vanquished Creatures
  Maggie (D:7)
  3 yaks (D:8)
  Eustachio (D:6)
  A steam dragon (D:7)
  A sky beast (D:7)
  An ice beast (D:7)
  A phantom (D:5)
  A necrophage (D:7)
  A bullfrog (D:7)
  4 wights (D:7)
  A killer bee (D:8)
  A jelly (D:5)
  3 hounds (D:5)
  2 orc priests
  A gnoll bouda (D:5)
  An iguana (D:5)
  5 orc wizards
  13 gnolls
  7 adders
  An ufetubus (D:7)
  2 worms (D:2)
  3 dart slugs
  16 orcs
  2 endoplasms
  3 giant cockroaches
  6 goblins
  6 hobgoblins
  4 jackals (D:5)
  A quokka (D:1)
  9 ball pythons
  2 bats
  4 frilled lizards
  8 kobolds
  7 rats
123 creatures vanquished.

Table legend:
 A = Non-vault XP
 B = Vault XP
 C = Vault XP percentage of total XP
 D = Non-vault monster count
 E = Vault monster count
 F = Vault count percentage of total count
                 A         B        C        D         E       F
            +---------+---------+-------+---------+---------+-------
      Total |    2619 |     574 |  18.0 |     116 |       7 |   5.7
            +---------+---------+-------+---------+---------+-------
        D:1 |      19 |       0 |   0.0 |      12 |       0 |   0.0
        D:2 |      46 |       9 |  16.4 |      19 |       4 |  17.4
        D:3 |      88 |       4 |   4.3 |      17 |       1 |   5.6
        D:4 |      80 |       0 |   0.0 |      13 |       0 |   0.0
        D:5 |     467 |       0 |   0.0 |      22 |       0 |   0.0
        D:6 |     180 |     185 |  50.7 |      10 |       1 |   9.1
        D:7 |    1045 |     376 |  26.5 |      18 |       1 |   5.3
        D:8 |     694 |       0 |   0.0 |       5 |       0 |   0.0
            +---------+---------+-------+---------+---------+-------

Illustrated notes

Table legend:
 A = Kills in this place as a percentage of kills in entire the game.
 B = Kills by you in this place as a percentage of kills by you in the entire game.
 C = Kills by friends in this place as a percentage of kills by friends in the entire game.
 D = Other kills in this place as a percentage of other kills in the entire game.
 E = Experience gained in this place as a percentage of experience gained in the entire game.
 F = Experience gained in this place divided by the number of levels of this place that you have seen.
                   A       B       C       D       E      F
               +-------+-------+-------+-------+-------+----------------------
         Total | 100.0 | 100.0 |   N/A |   N/A | 100.0 | 354.8
       Dungeon | 100.0 | 100.0 |   N/A |   N/A | 100.0 | 399.1
               +-------+-------+-------+-------+-------+----------------------

Table legend: (Time is in decaauts)
 A = Elapsed time spent in this place.
 B = Non-inter-level travel time spent in this place.
 C = Inter-level travel time spent in this place.
 D = Time resting spent in this place.
 E = Time spent auto-exploring this place.
 F = Levels seen in this place.
 G = Mean time per level.
                   A        B        C        D        E       F      G
               +--------+--------+--------+--------+--------+-----+--------+
         Total |   7217 |   6905 |    312 |    332 |   5662 |   9 |  801.9 |
       Dungeon |   7158 |   6859 |    299 |    332 |   5623 |   8 |  894.8 |
        Temple |     58 |     45 |     13 |      0 |     39 |   1 |   58.0 |
               +--------+--------+--------+--------+--------+-----+--------+

Top non-repeatable levels by time:
     D:7: 1448 daAuts
     D:3: 1198 daAuts
     D:5: 1195 daAuts
     D:2: 978 daAuts
     D:6: 940 daAuts
     D:1: 723 daAuts
     D:4: 613 daAuts
     D:8: 59 daAuts
  Temple: 58 daAuts
